 Dungeon Crawl Stone Soup version 0.20-a0-1122-gb7cbeb9 (webtiles) character file.

320 wolfsongas the Chopper (level 6, 0/47 HPs)
             Began as a Demonspawn Fighter on May 15, 2017.
             Was a Believer of Yredelemnul.
             Succumbed to a water moccasin's poison
             ... on level 3 of the Dungeon.
             The game lasted 00:05:34 (2217 turns).

wolfsongas the Chopper (Demonspawn Fighter)         Turns: 2217, Time: 00:05:34

Health: 0/47       AC:  9    Str: 17    XL:     6   Next: 22%
Magic:  6/6        EV:  7    Int:  9    God:    Yredelemnul [**....]
Gold:   132        SH:  9    Dex: 14    Spells: 5/5 levels left

rFire    + . .     SeeInvis +   j - +2 dagger (elec)
rCold    + . .     Gourm    .   c - +0 shield
rNeg     . . .     Faith    .   e - +0 scale mail {MR+}
rPois    +         Spirit   .   (helmet restricted)
rElec    +         Reflect  .   g - scarf {cloud immunity}
rCorr    +         Harm     .   (no gloves)
MR       +....                  (no boots)
Stlth    ..........             (no amulet)
Regen    0.2/turn               i - ring of see invisible
MPRegen  0.1/turn               (no ring)

@: lethally poisoned (0 -> -4), resistant
A: antennae 1, beak, thin metallic scales 2, blurry vision 1, demonic guardian 1
a: Animate Remains, Recall Undead Slaves, Injury Mirror, Renounce Religion


You were on level 3 of the Dungeon.
You worshipped Yredelemnul.
Yredelemnul was pleased with you.
You were not hungry.

You visited 1 branch of the dungeon, and saw 3 of its levels.

You collected 132 gold pieces.

Inventory:

Hand Weapons
 a - a +0 war axe
 j - a +2 dagger of electrocution (weapon)
Armour
 c - a +0 shield (worn)
 e - a +0 scale mail of magic resistance (worn)
 g - a scarf of cloud immunity (worn)
Jewellery
 i - a ring of see invisible (left hand)
Scrolls
 d - 2 scrolls of remove curse
Potions
 k - 2 potions of invisibility
Comestibles
 f - 7 chunks of flesh
 h - a fruit


   Skills:
 - Level 3.0 Fighting
 * Level 5.0 Axes
 - Level 2.7 Armour
 + Level 4.2 Shields


You had 5 spell levels left.
You didn't know any spells.

Dungeon Overview and Level Annotations

Branches:
Dungeon (3/15)

Altars:
Dithmenos
Kikubaaqudgha
Sif Muna
Uskayaw
Wu Jian
Yredelemnul
Zin

Annotations:
D:3 SkeletonJelly's ghost, amateur DrCK


Innate Abilities, Weirdness & Mutations

You have a pair of small antennae on your head.
You are mostly covered in thin metallic scales. (AC +3)
A weak demonic guardian rushes to your aid.
You have a beak for a mouth.
Scrolls take you a little longer to read.


Message History

You feel sick.
* * * LOW HITPOINT WARNING * * *
You feel sick.
Your quasit disappears in a puff of smoke!
A leopard gecko comes into view.
The leopard gecko hisses angrily.
* * * LOW HITPOINT WARNING * * *
You feel sick.
Your ufetubus hits the leopard gecko. x2
The leopard gecko dies!
Yredelemnul accepts your kill.
* * * LOW HITPOINT WARNING * * *
You feel sick.
Your ufetubus closely misses SkeletonJelly's ghost.
Your ufetubus hits SkeletonJelly's ghost but does no damage.
SkeletonJelly's ghost hits your ufetubus.
SkeletonJelly's ghost burns your ufetubus.
Your ufetubus hits SkeletonJelly's ghost but does no damage.
Your ufetubus hits SkeletonJelly's ghost.
You die...
Your body rises from the dead as a mindless zombie.

..#. #...<...........
##..#.#
####.##.......... .
.....# ##[##..........
..#..#.# # #...# ..
..#..#.##. #..>#
......... #...#
..#....######...#####
..#....##...........####
...........W5...@.......
.#....###...........##.#
......# #####...###.#
..(..## #...# .# ##.###
#...# #. #...# #. ##.##
#. #.. #.


You could see SkeletonJelly's ghost and a friendly ufetubus.

Vanquished Creatures
  A water moccasin (D:3)
  An orc wizard (D:3)
  An orc priest (D:3)
  4 gnolls (D:2)
  6 adders
  3 worms (D:2)
  3 dart slugs
  2 leopard geckos
  4 orcs (D:3)
  2 giant cockroaches (D:3)
  8 goblins
  3 hobgoblins
  A quokka (D:2)
  6 bats
  A frilled lizard (D:2)
  11 kobolds
  3 rats
60 creatures vanquished.

Vanquished Creatures (collateral kills)
  A leopard gecko (D:3)
1 creature vanquished.

Grand Total: 61 creatures vanquished

Notes
Turn   | Place    | Note
-------+----------+-------------------------------------------
     0 | D:1      | wolfsongas the Demonspawn Fighter began the quest for the Orb.
     0 | D:1      | Reached XP level 1. HP: 18/18 MP: 1/1
    36 | D:1      | Gained mutation: Scrolls take you a little longer to read. [potion of mutation]
    36 | D:1      | Gained mutation: You have a beak for a mouth. [potion of mutation]
   412 | D:1      | Reached skill level 2 in Axes
   485 | D:1      | Gained mutation: You have a pair of small antennae on your head. [demonic ancestry]
   485 | D:1      | Reached XP level 2. HP: 23/24 MP: 2/2
  1158 | D:2      | Gained mutation: You are partially covered in thin metallic scales. (AC +2) [demonic ancestry]
  1158 | D:2      | Reached XP level 3. HP: 17/29 MP: 3/3
  1288 | D:2      | Found a faded altar of an unknown god.
  1299 | D:2      | Became a worshipper of Yredelemnul the Dark
  1299 | D:2      | Reached * piety under Yredelemnul
  1482 | D:2      | Found a hide-covered altar of Uskayaw.
  1510 | D:2      | Reached skill level 3 in Axes
  1543 | D:2      | Found a deep blue altar of Sif Muna.
  1545 | D:2      | Found an ornate altar of the Wu Jian Council.
  1550 | D:2      | Gained mutation: You are mostly covered in thin metallic scales. (AC +3) [demonic ancestry]
  1550 | D:2      | Reached XP level 4. HP: 20/35 MP: 4/4
  1734 | D:2      | Found an ancient bone altar of Kikubaaqudgha.
  1790 | D:2      | Found a glowing silver altar of Zin.
  1791 | D:2      | Found a shadowy altar of Dithmenos.
  1844 | D:2      | Reached ** piety under Yredelemnul
  2097 | D:3      | Gained mutation: A weak demonic guardian rushes to your aid. [demonic ancestry]
  2097 | D:3      | Reached XP level 5. HP: 41/41 MP: 5/5
  2103 | D:3      | Reached skill level 4 in Axes
  2185 | D:3      | Noticed a water moccasin
  2199 | D:3      | Killed a water moccasin
  2199 | D:3      | Reached skill level 5 in Axes
  2199 | D:3      | Reached XP level 6. HP: 16/47 MP: 6/6
  2200 | D:3      | Noticed SkeletonJelly's ghost (amateur DrCK)
  2214 | D:3      | HP: 2/47 [poisoned by a water moccasin]
  2217 | D:3      | Succumbed to a water moccasin's poison

Vault maps used:
D:1:      enne_arrival_octagon_isle, st_stairs_8, minivault_14
D:2:      chequers_temple_overflow_statue_of_worship, old_standard_altar,
          grunt_temple_overflow_open, chequers_ecumenical_altar_simple
D:3:      overflow_temple_1_default, uniq_crazy_yiuf_cottage

Skill      XL: |  1  2  3  4  5 |
---------------+----------------+-----
Axes           | 2 3 5 |  5.0
Shields        | 3 4 |  4.2
Fighting       | |  3.0
Armour         | |  2.7

Action                   |  1- 3 |  4- 6 || total
-------------------------+-------+-------++-------
Melee: War axe           |    27 |       ||    27
       Peck              |    10 |    15 ||    25
       Dagger            |    58 |    83 ||   141
Invok: Injury Mirror     |       |     1 ||     1
  Use: Potion            |     7 |     1 ||     8
       Scroll            |     3 |     1 ||     4
  Eat: Chunk             |     1 |       ||     1
       Bread ration      |     1 |       ||     1
Armor: Scale mail        |    29 |    34 ||    63
Dodge: Dodged            |    16 |    20 ||    36
Block: Shield            |    46 |    36 ||    82
